 Dungeon Crawl Stone Soup version 0.30.0-18-gc0e69614cb (webtiles) character file.

Game seed: 5311422606162578800

9 tizbic2 the Trooper (level 2, -2/28 HPs)
             Began as a Naga Fighter on May 23, 2023.
             Slain by Sigmund
             ... wielding a +0 scythe
              (7 damage)
             ... on level 2 of the Dungeon.
             The game lasted 00:02:52 (419 turns).

tizbic2 the Trooper (Naga Fighter)                   Turns: 419, Time: 00:02:52

Health: -2/28      AC:  5    Str: 18    XL:     2   Next: 16%
Magic:  2/2        EV:  7    Int:  8    God:
Gold:   12         SH:  4    Dex: 10    Spells: 1/1 levels left

rFire   . . .        a - +0 war axe
rCold   . . .        c - +0 buckler
rNeg    . . .        b - +0 scale mail
rPois   +            (no helmet)
rElec   .            m - +0 cloak
rCorr   .            (no gloves)
SInv    +            (no barding)
Will    .....        (no amulet) Stlth
                     (no ring)
HPRegen 0.24/turn    (no ring)
MPRegen 0.08/turn

%: no passive effects
@: mighty, very slow
A: AC +0, large, see invisible, deformed body, poison resistance, slowness 2,
spit poison 1, naga tail 1
a: Spit Poison


You were on level 2 of the Dungeon.
You visited 1 branch of the dungeon, and saw 2 of its levels.

You collected 12 gold pieces.

Inventory:

Hand Weapons
 a - a +0 war axe (weapon)
 w - a +0 sling
Missiles
 i - 3 atropa-tipped darts
Armour
 b - a +0 scale mail (worn)
 c - a +0 buckler (worn)
 m - a +0 cloak (worn)
Jewellery
 l - a ring of fire
Scrolls
 e - a scroll of blinking {unknown}
 f - 3 scrolls of identify {unknown}
 g - a scroll of enchant weapon {unknown}
Potions
 h - a potion of curing {unknown}
 j - a potion of lignification {unknown}
 k - a potion of heal wounds {unknown}


   Skills:
 + Level 3.1 Fighting
 * Level 2.3 Axes
 + Level 2.5 Armour
 + Level 2.8 Shields


You had one spell level left.
You didn't know any spells.
Your spell library contained the following spells:

 Spells                   Type           Power      Damage    Failure   Level
 Summon Small Mammal      Summ           0%         N/A       87%         1
 Call Canine Familiar     Summ           0%         N/A       99%         3
 Summon Guardian Golem    Hex/Summ       0%         N/A       99%         3


Dungeon Overview and Level Annotations

Branches:
Dungeon (2/15)

Altars:

Shops:
D:1 =

Annotations:
D:2 Sigmund


Innate Abilities, Weirdness & Mutations

Your serpentine skin is tough. (AC +0)
You have supernaturally acute eyesight. (SInv)
Armour fits poorly on your strangely shaped body.
Your system is resistant to poisons. (rPois)
You cover ground very slowly.
You can spit poison.
You have a snake-like lower body.


Message History

You start resting.
HP restored.
You climb downwards.
Level annotation: Sigmund The goblin shouts!
There is a stone staircase leading up here.
Aiming: Spit Poison (2% risk of failure)
Press: ? - help, Shift-Dir - straight line, f - Sigmund
Aim: Sigmund, wielding a +0 scythe and wearing a +0 robe (54% to hit)
The splash of poison hits Sigmund.
Sigmund is poisoned.
Sigmund is moderately wounded.
Sigmund casts a spell.
Sigmund flickers and vanishes for a moment.
The goblin hits you with a +0 club.
Sigmund hits you from afar with a +0 scythe.
Found a stone staircase leading down.
You have got your breath back.
You block the goblin's attack. Sigmund closely misses you.
You closely miss Sigmund.
Sigmund is moderately wounded.
You hit the goblin. The goblin barely misses you.
You block the goblin's attack. Sigmund barely misses you.
You closely miss Sigmund.
Sigmund is moderately wounded.
You barely miss the goblin. The goblin hits you but does no damage.
Sigmund hits you with a +0 scythe!
You closely miss Sigmund.
Sigmund is heavily wounded.
You hit the goblin.
Sigmund looks more healthy.
You block the goblin's attack. x2
Sigmund hits you with a +0 scythe!
* * * LOW HITPOINT WARNING * * *
You feel very mighty all of a sudden. The goblin hits you with a +0 club.
* * * LOW HITPOINT WARNING * * *
You barely miss Sigmund.
Sigmund is heavily wounded.
You slash the goblin!
You kill the goblin!
Sigmund hits you with a +0 scythe!
You die...

.# #.## ..#
#####.. ....
.....##....#
####.......>...
#.#.....#.##....#
#......<..#..∩..#
#.........._.....
#......#)@...⌠##
#......#.@.......
#......#.........
.......#.........
...#.##..#.##..#.
...## #..##. ..#
.##. .. #.. #. #.
.#


You could see Sigmund (invisible).

Vanquished Creatures
  2 goblins
  2 hobgoblins (D:1)
  A ball python (D:1)
  3 bats (D:1)
  2 rats (D:1)
10 creatures vanquished.

Notes
Turn   | Place    | Note
-------+----------+-------------------------------------------
     0 | D:1      | tizbic2 the Naga Fighter began the quest for the Orb.
     0 | D:1      | Reached XP level 1. HP: 21/21 MP: 1/1
    13 | D:1      | Found Logess's Jewellery Boutique.
   325 | D:1      | Reached XP level 2. HP: 28/28 MP: 2/2
   387 | D:2      | Noticed Sigmund
   387 | D:2      | Found a faded altar of an unknown god.
   419 | D:2      | Slain by Sigmund

Illustrated notes

Levels and vault maps discovered:
D:1:      enne_arrival_octagon_isle, layout_basic, serial_shops, shop
D:2:      minmay_wonky_spiral, layout_basic, serial_shops, shop_fountains,
          nicolae_shop_tiny_glass, nicolae_shop_window_shopping,
          nicolae_shop_real_fake_doors, ebering_ecumenical_altar_abandoned,
          nicolae_eternal_life, uniq_terence, uniq_natasha, uniq_sigmund

Action                     || total
---------------------------++-------
  Melee: War axe           ||    19
   Fire: Sling             ||     3
Ability: Spit Poison       ||     7
    Use: Potion            ||     1
 Armour: Scale mail        ||    22
  Dodge: Dodged            ||    13
  Block: Buckler           ||     8
